 Dungeon Crawl Stone Soup version 0.23.2-1-ga50397a (webtiles) character file.

Game seed: 14270626247491402060

458716 dvd the Hoplite (level 23, -3/219 HPs)
             Began as a Deep Dwarf Fighter on June 2, 2019.
             Was the Champion of Makhleb.
             Slain by a titan (36 damage)
             ... on level 4 of the Vaults.
             The game lasted 02:30:56 (40863 turns).

dvd the Hoplite (Deep Dwarf Fighter)               Turns: 40863, Time: 02:30:57

Health: -3/219     AC: 25    Str: 21    XL:     23   Next: 32%
Magic:  30/30      EV: 17    Int:  5    God:    Makhleb [******]
Gold:   3288       SH: 29    Dex: 25    Spells: 28/36 levels left

rFire    + . .     SeeInvis .   b - +9 war axe (elec)
rCold    + . .     Gourm    .   z - +0 large shield
rNeg     + . .     Faith    .   T - +4 scale mail {rC+}
rPois    +         Spirit   .   m - +2 hat
rElec    +         Reflect  +   h - scarf {cloud immunity}
rCorr    +         Harm     .   c - +3 pair of gloves "Vixzyred" {Dex+6}
MR       +++++                  V - +2 pair of boots {run}
Stlth    +++.......             Y - amulet of Zykkos {Reflect MR+ SH+5 Stlth+}
HPRegen  0.00/turn              G - ring "Omaffi" {rElec rPois Int-5 Dex+3 Slay+3}
MPRegen  0.22/turn              M - ring of Xiacwagg {rCorr rF+}

@: non-regenerating, quick
A: damage resistance, heal wounds, antennae 1, claws 1, dopey 1, magic
resistance 1, negative energy resistance 1, sense surroundings 3, weak 1, no
regeneration
}: 2/15 runes: decaying, gossamer
a: Heal Wounds, Minor Destruction, Lesser Servant of Makhleb, Major Destruction,
Greater Servant of Makhleb, Renounce Religion


You were on level 4 of the Vaults.
You worshipped Makhleb.
Makhleb was exalted by your worship.
You were not hungry.

You visited 8 branches of the dungeon, and saw 41 of its levels.
You visited the Abyss 2 times.
You also visited: Volcano.

You collected 5087 gold pieces.
You spent 1799 gold pieces at shops.

Inventory:

Hand Weapons
 a - a +9 war axe of chopping
 b - a +9 war axe of electrocution (weapon)
 i - the +4 flail of Quantum Leap {speed, *Noise Int+6 SInv}
   (You took it off a deep elf demonologist on level 3 of the Elven Halls)

   Attacks with this weapon are significantly faster.
   It affects your intelligence (+6).
   It lets you see invisible.
   It may make noises in combat.
 S - a +2 broad axe of flaming
 W - a +4 vampiric broad axe
Missiles
 A - 7 poisoned tomahawks
 K - 5 tomahawks of returning (quivered)
 R - 19 javelins
Armour
 c - the +3 pair of gloves "Vixzyred" (worn) {Dex+6}
   (You acquired it on level 3 of the Elven Halls)

   It affects your dexterity (+6).
 h - a scarf of cloud immunity (worn)
 l - +0 gold dragon scales
 m - a +2 hat (worn)
 u - a +2 plate armour of cold resistance
 z - a +0 large shield (worn)
 O - a +0 pair of boots of flying
 Q - a +0 shield of fire resistance
 T - a +4 scale mail of cold resistance (worn)
 V - a +2 pair of boots of running (worn)
Jewellery
 d - a +6 ring of strength
 G - the ring "Omaffi" (left hand) {rElec rPois Int-5 Dex+3 Slay+3}
   (You took it off a deep elf mage on level 3 of the Elven Halls)

   [ring of poison resistance]

   It affects your intelligence (-5).
   It affects your dexterity (+3).
   It affects your accuracy and damage with ranged weapons and melee attacks
   (+3).
   It insulates you from electricity.
   It protects you from poison.
 M - the ring of Xiacwagg (right hand) {rCorr rF+}
   (You found it on level 3 of the Spider Nest)

   [ring of resist corrosion]

   It protects you from fire.
 Y - the amulet of Zykkos (around neck) {Reflect MR+ SH+5 Stlth+}
   (You found it on level 1 of the Depths)

   [amulet of reflection]

   It shields you and reflects attacks.
   It affects your resistance to hostile enchantments.
   It affects your SH (+5).
   It makes you more stealthy.
Wands
 k - a wand of random effects (20)
 s - a wand of disintegration (69)
 C - a wand of paralysis (14)
 F - a wand of digging (24)
 J - a wand of iceblast (39)
 L - a wand of acid (18)
 U - a wand of flame (78)
 Z - a wand of scattershot (6)
Scrolls
 n - 13 scrolls of teleportation
 o - 17 scrolls of remove curse
 p - 20 scrolls of identify
 B - 5 scrolls of blinking
 H - 12 scrolls of magic mapping
 N - 7 scrolls of fear
 P - 2 scrolls of fog
Potions
 e - 3 potions of heal wounds
 j - 5 potions of flight
 q - 4 potions of magic
 r - 3 potions of haste
 t - a potion of might
 v - 16 potions of curing
 w - 2 potions of invisibility
 x - 6 potions of mutation
 y - 5 potions of cancellation
 D - 7 potions of brilliance
 E - 2 potions of agility
 X - 2 potions of resistance
Miscellaneous
 I - a phantom mirror
Comestibles
 f - 74 rations


   Skills:
 + Level 15.9 Fighting
 + Level 21.1 Axes
 + Level 4.3 Throwing
 * Level 16.7 Armour
 + Level 8.1 Dodging
 + Level 3.3 Stealth
 + Level 21.6 Shields
 * Level 7.0 Spellcasting
 * Level 7.4 Summonings
 * Level 4.9 Translocations
 + Level 17.9 Invocations
 + Level 10.1 Evocations


You had 28 spell levels left.
You knew the following spells:

 Your Spells              Type           Power        Failure   Level  Hunger
a - Summon Small Mammal   Summ           #...         3%          1    #......
b - Aura of Abjuration    Summ           #.........   71%         5    ######.
c - Blink                 Tloc           N/A          16%         2    ###....

Your spell library contained the following spells:

 Spells                   Type           Power        Failure   Level  Hunger
 Summon Butterflies       Summ           #.......     3%          1    #......
 Call Imp                 Summ           #.......     5%          2    ###....
 Apportation              Tloc           #.....       11%         1    #......
 Call Canine Familiar     Summ           #.......     11%         3    ###....
 Recall                   Summ/Tloc      N/A          19%         3    ###....
 Gell's Gravitas          Tloc           #.........   30%         3    ###....
 Shroud of Golubria       Chrm/Tloc      #.........   41%         2    ###....
 Animate Skeleton         Necr           N/A          61%         1    #......
 Confusing Touch          Hex            #.....       61%         1    #......
 Infusion                 Chrm           #...         61%         1    #......
 Magic Dart               Conj           #...         61%         1    #......
 Pain                     Necr           #...         61%         1    #......
 Sandblast                Erth           #.....       61%         1    #......
 Shock                    Conj/Air       #...         61%         1    #......
 Sting                    Conj/Pois      #...         61%         1    #......
 Summon Demon             Summ           #.........   71%         5    ######.
 Corpse Rot               Necr           N/A          75%         2    ###....
 Passwall                 Tmut/Erth      #.......     75%         2    ###....
 Poisonous Vapours        Pois/Air       #.....       75%         2    ###....
 Slow                     Hex            #.......     75%         2    ###....
 Song of Slaying          Chrm           #.......     75%         2    ###....
 Sublimation of Blood     Necr           #.........   75%         2    ###....
 Swiftness                Chrm/Air       #.......     75%         2    ###....
 Summon Ice Beast         Ice/Summ       #.......     86%         4    #####..
 Summon Lightning Spire   Summ/Air       #.......     86%         4    #####..
 Summon Forest            Summ/Tloc      #.........   86%         5    ######.
 Confuse                  Hex            #.......     93%         3    ###....
 Conjure Flame            Conj/Fire      #.......     93%         3    ###....
 Mephitic Cloud           Conj/Pois/Air  #.......     93%         3    ###....
 Spectral Weapon          Hex/Chrm       #.......     93%         3    ###....
 Static Discharge         Conj/Air       #.......     93%         3    ###....
 Stone Arrow              Conj/Erth      #.....       93%         3    ###....
 Vampiric Draining        Necr           #.........   93%         3    ###....
 Summon Mana Viper        Hex/Summ       #.......     99%         5    ######.
 Shadow Creatures         Summ           N/A          99%         6    #######
 Airstrike                Air            #.........   100%        4    #####..
 Animate Dead             Necr           N/A          100%        4    #####..
 Leda's Liquefaction      Hex/Erth       #.........   100%        4    #####..
 Olgreb's Toxic Radiance  Pois           #.......     100%        4    #####..
 Petrify                  Tmut/Erth      #.......     100%        4    #####..
 Agony                    Necr           #.......     100%        5    ######.
 Bolt of Draining         Conj/Necr      #.........   100%        5    ######.
 Bolt of Magma            Conj/Fire/Erth #.........   100%        5    ######.
 Dispel Undead            Necr           #.......     100%        5    ######.
 Excruciating Wounds      Chrm/Necr      #.........   100%        5    ######.
 Irradiate                Conj/Tmut      #.........   100%        5    ######.
 Iskenderun's Battlesphe  Conj/Chrm      #.......     100%        5    ######.
 Lee's Rapid Deconstruct  Erth           #.........   100%        5    ######.
 Lightning Bolt           Conj/Air       #.........   100%        5    ######.
 Metabolic Englaciation   Hex/Ice        #.........   100%        5    ######.
 Silence                  Hex/Air        #.........   100%        5    ######.
 Venom Bolt               Conj/Pois      #.........   100%        5    ######.
 Yara's Violent Unravell  Hex/Tmut       #.........   100%        5    ######.
 Conjure Ball Lightning   Conj/Air       #.........   100%        6    #######
 Deflect Missiles         Chrm/Air       #.........   100%        6    #######
 Freezing Cloud           Conj/Ice/Air   #.........   100%        6    #######
 Hydra Form               Tmut           #.........   100%        6    #######
 Iron Shot                Conj/Erth      #.........   100%        6    #######
 Poison Arrow             Conj/Pois      #.........   100%        6    #######
 Statue Form              Tmut/Erth      #........    100%        6    #######
 Dragon Form              Tmut           #.........   100%        7    #######
 Malign Gateway           Summ/Tloc      #.........   100%        7    #######
 Monstrous Menagerie      Summ           #.........   100%        7    #######
 Ring of Flames           Chrm/Fire      #.........   100%        7    #######
 Summon Greater Demon     Summ           #.........   100%        7    #######
 Summon Hydra             Summ           #.........   100%        7    #######
 Chain Lightning          Conj/Air       #.........   100%        8    #######
 Ignition                 Fire           #.........   100%        8    #######
 Lehudib's Crystal Spear  Conj/Erth      #.........   100%        8    #######
 Summon Horrible Things   Summ           #.........   100%        8    #######
 Fire Storm               Conj/Fire      #.........   100%        9    #######
 Glaciate                 Conj/Ice       #.........   100%        9    #######
 Shatter                  Erth           #.........   100%        9    #######
 Tornado                  Air            #.........   100%        9    #######
 Regeneration             Chrm/Necr      Unusable     N/A         3    N/A

Dungeon Overview and Level Annotations

Branches:
Dungeon (15/15)            Temple (0/1) D:7            Lair (6/6) D:11
  Swamp (4/4) Lair:3       Spider (4/4) Lair:4        Slime (0/5) Lair:6
    Orc (2/2) D:11            Elf (3/3) Orc:2        Vaults (5/5) D:13
  Crypt (0/3) Vaults:3     Depths (2/5) D:15

Altars:
Ashenzari
Dithmenos
Elyvilon
Fedhas
Kikubaaqudgha
Makhleb
Nemelex Xobeh
Okawaru
Qazlal
Ru
Sif Muna
Trog
Uskayaw
Yredelemnul
Zin
Jiyva

Shops:
D:11 ([   D:13 *   Orc:2 [?**   Elf:1 *   Vaults:3 }

Portals:
Hell: Depths:1
Abyss: Depths:1
Pandemonium: Depths:2
Ziggurat: Depths:2

Annotations:
Swamp:4 Kirke


Innate Abilities, Weirdness & Mutations

You are resistant to damage.
You can heal yourself by infusing magical energy.
You resist negative energy. (rN+)
You passively map a large area around you.
You do not regenerate.
You have a pair of small antennae on your head.
You have sharp fingernails.
You are dopey. (Int -2)
You are resistant to hostile enchantments. (MR+)
You are weak. (Str -2)


Message History

The titan is severely wounded.
You barely miss the storm dragon.
The sentinel's mark upon you fades away.
You block the storm dragon's attack. x2; The storm dragon tramples you!
* * * LOW HITPOINT WARNING * * *
You hold your ground!
The titan gestures wildly while chanting.
The titan is healed somewhat.
You hit the titan.
The titan is severely wounded.
You hit the storm dragon but do no damage.
The storm dragon bites you but does no damage.
You block the storm dragon's attack. x2
The titan waves its arms in wide circles.
The air twists around and strikes you!
* * * LOW HITPOINT WARNING * * *
Your magical essence is drained by the effort!
You feel much better. You block the storm dragon's attack. x3
The titan hits you!!!
You die...

.....'..#...........#)....#
.....#..#..#######..#.....#
(....#..#..#.....#..#.....#######
######..#..#.....#..'.....#......
........#..'.....#..#.....#......
........#..#.....#..#....)#......
........#..#.....#..#.....#......
........#..#######..#.....#......
........#......)@...#.....#......
........#.....)D.C..#.....#......
........#############."...#......
..........................#......
...(......................#......
.......................?..#......
........#############.....#......
........##...#.#...##.....'......
........#.....|.....#.....#######


You could see a titan and a storm dragon.

Vanquished Creatures
  A juggernaut (Depths:2)
  Saint Roka (Depths:1)
  Nikola (Swamp:1)
  Arachne (Spider:4)
  2 tentacled monstrosities
  Jorgrun (Spider:1)
  2 deep elf master archers (Elf:3)
  A titan (Depths:2)
  A lich (Vaults:4)
  2 deep elf blademasters (Elf:3)
  Frances (Elf:1)
  4 sphinxes
  3 tentacled starspawn (Abyss:2)
  2 ancient champions (Vaults:3)
  8 tengu reavers
  A storm dragon (Vaults:2)
  A thorn hunter (Swamp:2)
  4 fire giants
  5 deep elf sorcerers
  10 vault wardens
  7 frost giants
  The ghost of Lohagaz the Warrior, an adept TeWr of Uskayaw (Swamp:3)
  An iron dragon (Depths:2)
  4 ghost moths (Spider:4)
  An orc warlord (Vaults:4)
  Aizul (Swamp:1)
  3 deep elf elementalists
  A curse skull (Vaults:3)
  5 emperor scorpions
  A caustic shrike skeleton (Depths:1)
  7 ironheart preservers
  A war gargoyle (Vaults:2)
  6 stone giants
  5 entropy weavers
  13 very ugly things
  A starcursed mass (Abyss:2)
  A lorocyproca (Abyss:2)
  9 deep elf demonologists
  7 deep elf annihilators
  Azrael (D:13)
  4 dire elephants (Lair:6)
  4 ettins
  7 spark wasps
  4 deep elf death magi (Elf:3)
  A death ooze (Swamp:4)
  A green death (Swamp:4)
  15 ogre magi
  32 vault guards
  2 deep elf high priests (Elf:3)
  A jiangshi (Vaults:3)
  A crystal guardian (Vaults:4)
  8 yaktaur captains
  3 great orbs of eyes
  8 fire dragons
  Erolcha (Orc:1)
  Fannar (D:10)
  15 hydras
  7 ice dragons
  2 hell beasts (Swamp:4)
  9 rakshasas
  11 centaur warriors
  2 spriggan air magi (Depths:2)
  A death knight (Vaults:4)
  A ghost crab (Swamp:3)
  A shambling mangrove (Swamp:1)
  42 two-headed ogres
  4 deep troll shamans
  27 dancing weapons
  An anaconda (Lair:6)
  A vampire mage (Depths:2)
  10 alligators
  8 tengu warriors
  3 deep troll earth magi
  5 orc high priests (Orc:2)
  23 deep elf knights
  Sonja (Lair:6)
  11 large abominations
  Nergalle (Lair:2)
  A spatial maelstrom (Abyss:2)
  4 iron trolls
  6 hell knights
  16 deep trolls
  3 wizards
  3 flayed ghosts
  6 glowing orange brains
  6 unseen horrors
  A spriggan druid (Swamp:4)
  A swamp dragon (shapeshifter) (Depths:1)
  16 deep elf archers
  12 ironbrand convokers
  3 spectral hydras (Swamp:3)
  4 harpies (Vaults:2)
  2 swamp dragons (Swamp:4)
  A phantasmal warrior (Vaults:4)
  9 orc knights
  4 necromancers
  71 deep elf magi
  19 orb spiders
  5 oklob plants
  33 wolf spiders
  7 cyclopes
  An orc sorcerer (Vaults:3)
  2 orb spiders (shapeshifter)
  A stone giant zombie (Vaults:3)
  3 manticores
  86 ugly things
  A stone giant skeleton (Depths:1)
  3 black mambas
  A worldbinder (Abyss:2)
  A spriggan zombie (Depths:1)
  A moth of wrath (Spider:3)
  10 vault sentinels
  4 elephants (Lair:6)
  A smoke demon (Volcano)
  A spectral spriggan (Swamp:3)
  2 molten gargoyles (Volcano)
  A gargoyle (D:13)
  2 torpor snails (Spider:4)
  3 orange demons (Swamp:4)
  12 spiny frogs
  A spiny frog (shapeshifter) (Depths:2)
  3 freezing wraiths
  2 yaktaur zombies (Vaults:1)
  15 demonic crawlers
  7 komodo dragons
  An efreet (D:14)
  2 ancient zymes (Abyss:2)
  32 yaktaurs
  A komodo dragon (shapeshifter) (Vaults:4)
  39 jumping spiders
  A tengu conjurer (Depths:2)
  A yaktaur skeleton (Vaults:3)
  A jumping spider (shapeshifter) (D:13)
  3 tyrant leeches
  A red devil (Volcano)
  A meliai (shapeshifter) (Vaults:4)
  A tengu simulacrum (Vaults:3)
  8 trolls
  5 meliai
  26 blink frogs
  17 hornets
  48 slime creatures
  A wind drake (shapeshifter) (Vaults:1)
  Grinder (D:3)
  A fire giant simulacrum (Depths:1)
  7 dream sheep (Lair:4)
  18 hippogriffs
  An ice dragon zombie (Vaults:1)
  4 flying skulls (Abyss:2)
  3 bog bodies (Swamp:4)
  Sigmund (D:6)
  A spectral tyrant leech (Swamp:3)
  An air elemental (Elf:1)
  67 redbacks
  2 ynoxinuls (Abyss:2)
  A vampire (D:14)
  4 wraiths
  A yak (shapeshifter) (Vaults:2)
  4 shadows
  3 water elementals
  21 tarantellas
  48 yaks
  4 spriggans
  A wyvern (D:10)
  A golden eye (shapeshifter) (Vaults:1)
  6 hogs
  A human (D:7)
  3 basilisks
  A hungry ghost (D:14)
  16 vampire mosquitoes
  A steam dragon (D:11)
  2 yaktaur simulacra
  Grum (Lair:1)
  7 fire elementals
  A chaos spawn (Abyss:2)
  A fire bat (Volcano)
  An acid dragon (D:12)
  A spatial vortex (Abyss:2)
  3 insubstantial wisps (Swamp:3)
  5 wargs
  15 swamp worms
  A hydra simulacrum (Swamp:3)
  A soldier ant (shapeshifter) (Vaults:4)
  14 water moccasins
  6 hell hounds
  A water moccasin (shapeshifter) (Vaults:4)
  A floating eye (Depths:2)
  13 porcupines
  5 ice beasts
  47 orc warriors
  3 phantoms
  2 eyes of draining
  An ice beast (shapeshifter) (Vaults:4)
  4 sky beasts
  2 sky beasts (shapeshifter)
  7 swamp drakes
  5 necrophages
  A black bear (shapeshifter) (Vaults:4)
  2 black bears
  2 alligator simulacra (Swamp:3)
  32 ogres
  An orc zombie (Vaults:1)
  3 wolves (Lair:1)
  2 boggarts (Vaults:1)
  22 centaurs
  5 crocodiles
  5 big kobolds
  25 bullfrogs
  2 wyvern zombies
  3 earth elementals
  An orc simulacrum (Vaults:1)
  A wyvern skeleton (D:12)
  A scorpion (D:10)
  6 killer bees
  12 wights
  3 howler monkeys
  7 crimson imps
  A lava snake (Volcano)
  A human simulacrum (Vaults:2)
  A jelly (D:13)
  4 centaur zombies
  3 bullfrog zombies
  25 orc priests
  5 centaur skeletons
  A gnoll shaman (Orc:2)
  5 hounds
  27 orc wizards
  6 bullfrog skeletons
  4 iguanas
  10 worker ants
  6 hell rats (Lair:6)
  A spectral swamp drake (Swamp:3)
  A killer bee zombie (D:6)
  11 small abominations
  3 hound zombies
  A hound skeleton (D:7)
  2 worker ant zombies (D:11)
  A howler monkey skeleton (D:8)
  14 adders
  4 gnolls (Orc:2)
  4 river rats (Lair:6)
  8 shadow imps
  A white imp (Abyss:2)
  2 swamp drake simulacra (Swamp:3)
  An ufetubus (Abyss:2)
  An ooze (D:1)
  An adder skeleton (D:6)
  3 dart slugs
  A worm (D:2)
  6 leopard geckos
  99 orcs
  2 ball pythons
  8 bats
  5 giant cockroaches
  4 goblins
  11 hobgoblins
  16 jackals
  A quokka (D:2)
  4 frilled lizards (D:1)
  A jackal skeleton (D:5)
  25 kobolds
  A quokka skeleton (D:4)
  13 rats
  A crawling corpse (Elf:3)
  2 fungi
  7 plants
  3 starspawn tentacles (Abyss:2)
1870 creatures vanquished.

Vanquished Creatures (collateral kills)
  Mennas (Vaults:3)
  A golden dragon (Depths:2)
  A titan (Depths:2)
  Louise (Spider:4)
  A dire elephant (Lair:6)
  A rakshasa (Depths:2)
  A yaktaur captain (Vaults:3)
  A swamp dragon (Swamp:4)
  A spatial maelstrom (Abyss:2)
  An orb spider (Spider:4)
  3 ugly things (Vaults:3)
  A worldbinder (Abyss:2)
  A hellwing (Abyss:2)
  A tyrant leech (Swamp:4)
  An ancient zyme (Abyss:2)
  6 blink frogs
  2 slime creatures (Vaults:3)
  A flying skull (Abyss:2)
  A neqoxec (Abyss:2)
  A water moccasin (Lair:3)
  2 porcupines (Lair:3)
  2 ogres (Vaults:3)
32 creatures vanquished.

Vanquished Creatures (others)
  A tengu reaver (Vaults:2)
  A green death (Swamp:4)
  A deep elf death mage (Elf:3)
  3 centaur warriors
  A shadow wraith (Vaults:4)
  3 deep elf archers
  An ironbrand convoker (Vaults:2)
  A deep elf mage (Elf:1)
  An ugly thing (Swamp:3)
  A cyclops (Vaults:2)
  A vault sentinel (Vaults:1)
  10 yaktaurs
  A meliai (D:13)
  A hornet (Vaults:5)
  An air elemental (Elf:3)
  A sky beast (D:13)
  An ogre (Vaults:3)
  A boggart (Vaults:1)
  An orc (D:13)
  A crawling corpse (Elf:3)
  37 fungi
  16 plants
  7 starspawn tentacles (Abyss:2)
93 creatures vanquished.

Grand Total: 1995 creatures vanquished

Notes
Turn   | Place    | Note
-------+----------+-------------------------------------------
     0 | D:1      | dvd the Deep Dwarf Fighter began the quest for the Orb.
     0 | D:1      | Reached XP level 1. HP: 20/20 MP: 1/1
    59 | D:1      | Reached XP level 2. HP: 25/27 MP: 2/2
   401 | D:1      | Reached XP level 3. HP: 22/34 MP: 3/3
   908 | D:2      | Found a sacrificial altar of Ru.
  1247 | D:2      | Reached XP level 4. HP: 21/42 MP: 4/4
  1273 | D:2      | Found a deep blue altar of Sif Muna.
  1305 | D:2      | Found an iron altar of Okawaru.
  1685 | D:3      | Found a burning altar of Makhleb.
  1690 | D:3      | Found a glowing silver altar of Zin.
  1690 | D:3      | Noticed a balrug
  1690 | D:3      | Noticed an angel
  1693 | D:3      | Became a worshipper of Makhleb the Destroyer
  1879 | D:3      | Noticed Grinder
  1889 | D:3      | Paralysed by Grinder for 7 turns
  1901 | D:3      | Killed Grinder
  1901 | D:3      | Reached skill level 5 in Axes
  1901 | D:3      | Reached skill level 1 in Dodging
  1901 | D:3      | Reached XP level 5. HP: 6/49 MP: 5/5
  1901 | D:3      | Reached XP level 6. HP: 7/56 MP: 6/6
  1951 | D:3      | Found a white marble altar of Elyvilon.
  2383 | D:4      | Found a runed translucent door.
  2383 | D:4      | Noticed a human
  2386 | D:4      | Found a basalt altar of Yredelemnul.
  2798 | D:4      | Reached * piety under Makhleb
  3048 | D:5      | Entered Level 5 of the Dungeon
  3468 | D:5      | Reached XP level 7. HP: 22/63 MP: 7/7
  3537 | D:5      | Reached skill level 5 in Shields
  3759 | D:6      | Found a shattered altar of Ashenzari.
  3839 | D:6      | Reached skill level 5 in Armour
  3839 | D:6      | Reached XP level 8. HP: 33/72 MP: 8/8
  4375 | D:6      | Noticed Sigmund
  4387 | D:6      | Killed Sigmund
  4417 | D:6      | Reached ** piety under Makhleb
  4690 | D:6      | Found a hide-covered altar of Uskayaw.
  4880 | D:7      | Gained mutation: You passively map the area around you.
                  | [Deep Dwarf growth]
  4880 | D:7      | Reached XP level 9. HP: 49/80 MP: 9/9
  4885 | D:7      | Reached skill level 1 in Evocations
  5086 | D:7      | Found a staircase to the Ecumenical Temple.
  5119 | D:7      | Reached skill level 5 in Fighting
  5516 | D:7      | Found a shadowy altar of Dithmenos.
  5518 | D:7      | Found a stormy altar of Qazlal.
  5783 | D:8      | Found a sparkling altar of Nemelex Xobeh.
  5860 | D:8      | Reached skill level 10 in Axes
  6065 | D:8      | Reached *** piety under Makhleb
  6066 | D:8      | Noticed a two-headed ogre
  6078 | D:8      | Killed a two-headed ogre
  6078 | D:8      | Reached skill level 1 in Throwing
  6078 | D:8      | Reached XP level 10. HP: 91/91 MP: 10/10
  6471 | D:9      | Found a blossoming altar of Fedhas.
  6471 | D:9      | Found an ancient bone altar of Kikubaaqudgha.
  7067 | D:10     | Entered Level 10 of the Dungeon
  7162 | D:10     | Reached **** piety under Makhleb
  7190 | D:10     | Noticed Fannar
  7216 | D:10     | Gained mutation: You have a pair of small antennae on your
                  | head. [potion of mutation]
  7216 | D:10     | Gained mutation: You are dopey. (Int -2) [potion of
                  | mutation]
  7216 | D:10     | Gained mutation: You possess an exceptional clarity of
                  | mind. [potion of mutation]
  7278 | D:10     | Killed Fannar
  7278 | D:10     | Reached skill level 10 in Shields
  7298 | D:10     | Noticed a two-headed ogre
  7309 | D:10     | Killed a two-headed ogre
  7364 | D:10     | Reached XP level 11. HP: 45/98 MP: 13/13
  8066 | D:11     | Found a blossoming altar of Fedhas.
  8082 | D:11     | Reached skill level 5 in Invocations
  8107 | D:11     | Found a staircase to the Lair.
  8111 | D:11     | Noticed a red ugly thing
  8130 | D:11     | Reached ***** piety under Makhleb
  8133 | D:11     | Killed a red ugly thing
  8185 | D:11     | Found Zeukk's Weapon Boutique.
  8185 | D:11     | Found a staircase to the Orcish Mines.
  8188 | D:11     | Found Paxof's Armour Boutique.
  8233 | D:11     | Bought a +1 cloak for 138 gold pieces
  8240 | D:11     | Bought a +0 pair of gloves for 54 gold pieces
  8281 | D:11     | Found a sacrificial altar of Ru.
  8730 | Lair:1   | Entered Level 1 of the Lair of Beasts
  8779 | Lair:1   | Found a glowing silver altar of Zin.
  8862 | Lair:1   | Noticed an oklob plant
  8863 | Lair:1   | Noticed an oklob plant
  8863 | Lair:1   | Noticed an oklob plant
  8930 | Lair:1   | Reached XP level 12. HP: 104/106 MP: 17/17
  9004 | Lair:1   | You fall through a shaft!
  9491 | Lair:1   | Noticed Grum
  9506 | Lair:1   | Killed Grum
  9849 | Lair:2   | Noticed Nergalle
  9862 | Lair:2   | Killed Nergalle
 10489 | Lair:3   | Found a staircase to the Swamp.
 11208 | Lair:4   | Reached skill level 5 in Dodging
 11279 | Lair:4   | You fall through a shaft for 2 floors!
 11279 | Lair:6   | Entered Level 6 of the Lair of Beasts
 11294 | Lair:6   | Reached ****** piety under Makhleb
 11330 | Lair:6   | Noticed a six-headed hydra
 11336 | Lair:6   | Noticed Sonja
 11340 | Lair:6   | Noticed a four-headed hydra
 11427 | Lair:4   | Reached XP level 13. HP: 117/117 MP: 19/19
 11588 | Lair:4   | Found a dark tunnel.
 11594 | Volcano  | Entered a volcano
 11659 | Volcano  | Found a radiant altar of Vehumet.
 11796 | Volcano  | Identified a +0 pair of boots of running (You found it in a
                  | volcano)
 12118 | Lair:4   | Found a hole to the Spider Nest.
 12758 | Lair:5   | Reached skill level 1 in Stealth
 12974 | Lair:5   | Reached skill level 10 in Invocations
 13645 | Lair:6   | Found a staircase to the Slime Pits.
 13645 | Lair:6   | Found a viscous altar of Jiyva.
 13680 | Lair:6   | Killed Sonja
 13680 | Lair:6   | Reached skill level 15 in Axes
 13911 | Lair:6   | Got a fine trident
 13915 | Lair:6   | Identified the +3 trident of Dishonour {pierce, Dex+6} (You
                  | found it on level 6 of the Lair of Beasts)
 14348 | Lair:6   | Noticed a dire elephant
 14348 | Lair:6   | Noticed a dire elephant
 14366 | Lair:6   | Killed a dire elephant
 14369 | Lair:6   | Killed a dire elephant
 14379 | Lair:6   | Got a heavily runed silver amulet
 14384 | Lair:6   | Identified the amulet of the Vendetta {+Fly rElec MR-
                  | Regen+ Str+2} (You found it on level 6 of the Lair of
                  | Beasts)
 14421 | Lair:6   | Noticed a dire elephant
 14424 | Lair:6   | Noticed a dire elephant
 14443 | Lair:6   | Killed a dire elephant
 14453 | Lair:6   | Killed a dire elephant
 14461 | Lair:6   | Noticed a dire elephant
 14477 | Lair:6   | Killed a dire elephant
 14477 | Lair:6   | Gained mutation: You resist negative energy. (rN+) [Deep
                  | Dwarf growth]
 14477 | Lair:6   | Reached XP level 14. HP: 80/127 MP: 22/22
 16390 | D:13     | Found a gate to the Vaults.
 16417 | D:13     | Noticed Azrael
 16441 | D:13     | Killed Azrael
 16831 | D:13     | Found Lodeibuf's General Store.
 17634 | D:14     | Reached XP level 15. HP: 138/138 MP: 24/24
 17997 | D:15     | Entered Level 15 of the Dungeon
 18030 | D:15     | Reached skill level 10 in Armour
 18218 | D:15     | Reached skill level 10 in Fighting
 18580 | D:15     | Found a staircase to the Depths.
 18977 | Orc:1    | Entered Level 1 of the Orcish Mines
 19096 | Orc:1    | Found a bloodstained altar of Trog.
 19138 | Orc:2    | Entered Level 2 of the Orcish Mines
 19205 | Orc:2    | Found a staircase to the Elven Halls.
 19851 | Orc:2    | HP: 6/140 [orc knight/+3 great sword (27)]
 19922 | Orc:1    | Reached skill level 15 in Shields
 19926 | Orc:1    | You fall through a shaft!
 19946 | Orc:1    | Noticed Erolcha
 19953 | Orc:1    | Killed Erolcha
 20453 | Orc:2    | Found Neyn's Assorted Antiques.
 20453 | Orc:2    | Found Kevann's Armour Shop.
 20454 | Orc:2    | Found Buzastagel's General Store.
 20454 | Orc:2    | Found Xeuwk's Magic Scroll Boutique.
 20468 | Orc:2    | Bought a scroll of blinking for 82 gold pieces
 20471 | Orc:2    | Bought a scroll labeled KUULO NOPOY for 33 gold pieces
 20477 | Orc:2    | Bought a scroll of blinking for 247 gold pieces
 21187 | Spider:1 | Entered Level 1 of the Spider Nest
 21314 | Spider:1 | Noticed Jorgrun
 21342 | Spider:1 | Killed Jorgrun
 21509 | Spider:1 | Reached XP level 16. HP: 109/148 MP: 25/25
 23038 | Spider:4 | Entered Level 4 of the Spider Nest
 23105 | Spider:4 | Reached skill level 15 in Invocations
 23600 | Spider:4 | Noticed Arachne
 23646 | Spider:4 | Killed Arachne
 23646 | Spider:4 | Reached XP level 17. HP: 109/157 MP: 5/27
 23874 | Spider:4 | Noticed Louise
 23896 | Spider:4 | Killed Louise
 24109 | Spider:4 | Got a gossamer rune of Zot
 24341 | Spider:3 | Got a transparent jade ring
 24343 | Spider:3 | Identified the ring of Xiacwagg {rCorr rF+} (You found it
                  | on level 3 of the Spider Nest)
 25140 | Swamp:1  | Entered Level 1 of the Swamp
 25216 | Swamp:1  | Noticed Nikola
 25247 | Swamp:1  | Killed Nikola
 25409 | Swamp:1  | Noticed a tentacled monstrosity
 25419 | Swamp:1  | Killed a tentacled monstrosity
 25898 | Swamp:1  | Noticed Aizul
 25925 | Swamp:1  | Killed Aizul
 27299 | Swamp:3  | Found a runed translucent gate.
 27299 | Swamp:3  | Found a runed translucent gate.
 27300 | Swamp:3  | Found a runed translucent gate.
 27304 | Swamp:3  | Noticed Lohagaz's ghost (adept TeWr)
 27342 | Swamp:3  | Gained mutation: You passively map a large area around you.
                  | [Deep Dwarf growth]
 27342 | Swamp:3  | Reached XP level 18. HP: 168/168 MP: 29/29
 27342 | Swamp:3  | Killed Lohagaz's ghost
 27353 | Swamp:3  | Got a warped hat
 27370 | Swamp:3  | Identified the cursed -7 hat of Miulan {Str-5 Dex+5} (You
                  | found it on level 3 of the Swamp)
 27471 | Swamp:4  | Entered Level 4 of the Swamp
 27598 | Swamp:4  | Reached skill level 5 in Evocations
 27778 | Swamp:4  | Got a decaying rune of Zot
 28044 | Swamp:4  | Noticed Kirke
 28598 | Elf:1    | Entered Level 1 of the Elven Halls
 28747 | Elf:1    | Noticed Frances
 28762 | Elf:1    | Killed Frances
 28839 | Elf:1    | Found Qachifoz's General Store.
 28860 | Elf:1    | Bought a potion of haste for 150 gold pieces
 28860 | Elf:1    | Bought a potion of curing for 45 gold pieces
 29580 | Elf:1    | Identified the Incunabulum of Creative Combat Magic
 29725 | Elf:1    | Got a faintly glowing long sword
 29726 | Elf:1    | Identified the +1 long sword of Exquisite Torment {slice,
                  | rN+ Int+4 Dex+4} (You found it on level 1 of the Elven
                  | Halls)
 29925 | Elf:2    | Found a runed translucent gate.
 29925 | Elf:2    | Found a runed translucent gate.
 29929 | Elf:2    | Found a runed translucent gate.
 30437 | Elf:2    | Found a deep blue altar of Sif Muna.
 30589 | Elf:2    | Reached XP level 19. HP: 171/178 MP: 28/28
 30977 | Elf:3    | Entered Level 3 of the Elven Halls
 31202 | Elf:3    | Noticed a Tzitzimitl
 31353 | Elf:3    | Cast into level 3 of the Abyss (a deep elf demonologist)
 31353 | Abyss:3  | Found a sacrificial altar of Ru.
 31395 | Elf:3    | Escaped the Abyss
 31455 | Elf:3    | Identified the +4 flail of Quantum Leap {speed, *Noise
                  | Int+6 SInv}
 31472 | Elf:3    | Cast into level 2 of the Abyss (a deep elf sorcerer)
 31544 | Abyss:2  | Gained mutation: You are weak. (Str -2) [a neqoxec]
 31547 | Abyss:2  | Gained mutation: You are very dopey. (Int -4) [a neqoxec]
 31874 | Elf:3    | Escaped the Abyss
 31937 | Elf:3    | Identified the +4 mace of the Pyrrhic Victory {crush,
                  | *Corrode *Slow rElec MR+++}
 32124 | Elf:3    | Identified the ring "Omaffi" {rElec rPois Int-5 Dex+3
                  | Slay+3}
 32151 | Elf:3    | Reached skill level 10 in Evocations
 32218 | Elf:3    | Lost mutation: You possess an exceptional clarity of mind.
                  | [potion of mutation]
 32218 | Elf:3    | Lost mutation: You are very dopey. (Int -4) [potion of
                  | mutation]
 32218 | Elf:3    | Gained mutation: Your magical capacity is low. (-10% MP)
                  | [potion of mutation]
 32218 | Elf:3    | Lost mutation: Your magical capacity is low. (-10% MP)
                  | [potion of mutation]
 32218 | Elf:3    | Gained mutation: You have sharp fingernails. [potion of
                  | mutation]
 32218 | Elf:3    | Gained mutation: You are resistant to hostile enchantments.
                  | (MR+) [potion of mutation]
 32862 | Elf:3    | Got a pair of translucent gloves
 32873 | Elf:3    | Identified the +3 pair of gloves "Vixzyred" {Dex+6} (You
                  | acquired it on level 3 of the Elven Halls)
 33090 | Vaults:1 | Entered Level 1 of the Vaults
 33296 | Vaults:1 | Reached XP level 20. HP: 174/189 MP: 28/28
 35420 | Vaults:2 | Learned a level 1 spell: Summon Small Mammal
 35852 | Vaults:3 | Reached skill level 1 in Summonings
 35855 | Vaults:3 | Reached skill level 1 in Spellcasting
 36044 | Vaults:3 | Identified the +3 battleaxe of the Coin {holy, -Tele Str+3
                  | Int-4 Dex+8} (You found it on level 3 of the Vaults)
 36107 | Vaults:3 | Noticed Mennas
 36122 | Vaults:3 | Reached skill level 15 in Armour
 36335 | Depths:1 | Entered Level 1 of the Depths
 36349 | Depths:1 | Reached XP level 21. HP: 53/199 MP: 29/29
 36359 | Depths:1 | Noticed Saint Roka
 36395 | Depths:1 | Killed Saint Roka
 36563 | Depths:1 | You fall through a shaft!
 36641 | Depths:2 | Found a one-way gate leading to the halls of Pandemonium.
 36686 | Depths:1 | Found a one-way gate to the infinite horrors of the Abyss.
 36887 | Depths:1 | Found a gateway to Hell.
 36948 | Depths:1 | Identified the amulet of Zykkos {Reflect MR+ SH+5 Stlth+}
                  | (You found it on level 1 of the Depths)
 37496 | Depths:2 | Found a gateway to a ziggurat.
 37520 | Depths:2 | Reached skill level 15 in Fighting
 37565 | Depths:2 | Paralysed by a floating eye for 4 turns
 37586 | Depths:2 | Noticed a golden dragon
 37599 | Depths:2 | Identified the +5 dire flail "Ehok" {crush, +Inv Dex+2}
 37646 | Depths:2 | Killed a golden dragon
 37646 | Depths:2 | Reached skill level 5 in Summonings
 37713 | Depths:2 | Reached XP level 22. HP: 170/210 MP: 30/30
 37735 | Depths:2 | Noticed a juggernaut
 37748 | Depths:2 | Killed a juggernaut
 37748 | Depths:2 | Reached skill level 5 in Spellcasting
 37810 | Depths:2 | Identified the +0 plate armour "Detumer" {rF- rCorr Dex+3}
                  | (You found it on level 2 of the Depths)
 37835 | Depths:2 | Identified the +2 scale mail "Uwuufah" {rPois rF- Int+5
                  | Stlth+} (You found it on level 2 of the Depths)
 38184 | Elf:1    | Bought a book of Summonings for 1050 gold pieces
 38190 | Elf:1    | Learned a level 5 spell: Aura of Abjuration
 38199 | Elf:1    | Learned a level 2 spell: Blink
 38480 | Vaults:3 | Killed Mennas
 38561 | Vaults:3 | Reached skill level 1 in Translocations
 38584 | Vaults:3 | Found Bup Yton's Gadget Boutique.
 38676 | Vaults:3 | Found a staircase to the Crypt.
 40751 | Vaults:5 | Entered Level 5 of the Vaults
 40760 | Vaults:5 | Reached XP level 23. HP: 219/219 MP: 31/31
 40839 | Vaults:5 | Noticed an ancient lich
 40862 | Vaults:4 | HP: 10/219 [titan/the air (33)]
 40863 | Vaults:4 | Slain by a titan

Skill      XL: |  1  2  3  4  5  6  7  8  9 10 11 12 13 14 15 16 17 18 19 20 21 22 23 |
---------------+----------------------------------------------------------------------+-----
Fighting       | 3 4 5 6 7 8 9 10 11 12 13 14 15 | 15.9
Axes           | 3 5 6 8 10 11 12 14 15 16 17 18 19 20 21 | 21.1
Armour         | 4 5 6 7 8 9 10 11 12 14 15 16 | 16.7
Dodging        | 1 2 3 4 5 6 7 8 |  8.1
Shields        | 4 6 7 9 10 11 12 13 14 15 16 17 18 19 20 21 | 21.6
Evocations     | 1 2 4 7 10 | 10.1
Throwing       | 1 2 3 4 |  4.3
Invocations    | 3 6 9 11 12 14 15 16 17 | 17.9
Stealth        | 1 2 3 |  3.3
Summonings     | 2 5 6 7 |  7.4
Spellcasting   | 1 4 6 7 |  7.0
Translocations | 3 4 |  4.9

Action                   |  1- 3 |  4- 6 |  7- 9 | 10-12 | 13-15 | 16-18 | 19-21 | 22-24 || total
-------------------------+-------+-------+-------+-------+-------+-------+-------+-------++-------
Melee: War axe           |   116 |   137 |   369 |   700 |  1303 |  1314 |  1603 |   629 ||  6171
       Broad axe         |       |       |       |       |    42 |   367 |       |       ||   409
       Unarmed           |       |       |       |       |       |     1 |       |       ||     1
Throw: Tomahawk          |       |       |    17 |    26 |    87 |    52 |     2 |       ||   184
Invok: Minor Destruction |       |       |     1 |       |     2 |     5 |     1 |       ||     9
       Lesser Servant of |       |       |       |     3 |     5 |     2 |     3 |       ||    13
       Major Destruction |       |       |       |       |       |       |     5 |     1 ||     6
       Greater Servant o |       |       |       |       |       |       |     1 |     3 ||     4
 Abil: Heal Wounds       |       |       |     3 |     1 |     7 |     2 |     5 |     2 ||    20
       Evoke Flight      |       |       |       |       |       |     7 |       |       ||     7
Evoke: Wand              |       |       |     4 |     2 |     3 |    15 |       |     5 ||    29
  Use: Scroll            |       |     6 |     1 |    22 |     8 |    11 |    15 |     3 ||    66
       Potion            |       |     4 |     4 |     9 |     2 |     2 |     8 |       ||    29
 Stab: Distracted        |       |       |       |       |     2 |     2 |     2 |     4 ||    10
       Held in net/web   |       |       |       |       |       |     1 |       |       ||     1
       Confused          |       |       |       |       |       |     2 |       |       ||     2
       Sleeping          |       |       |       |       |       |       |       |     1 ||     1
  Eat: Chunk             |     1 |     7 |    10 |    18 |    31 |    30 |    20 |    11 ||   128
       Ration            |       |       |       |       |       |       |     1 |       ||     1
Armor: Scale mail        |    71 |    40 |    88 |       |       |       |       |    74 ||   273
       Plate armour      |       |       |    87 |    39 |       |   388 |   511 |    81 ||  1106
       Chain mail        |       |       |       |   249 |   454 |   458 |       |       ||  1161
       Skin              |       |       |       |    11 |       |       |       |       ||    11
Dodge: Dodged            |    46 |    37 |    73 |   157 |   340 |   632 |   302 |   135 ||  1722
Block: Shield            |    72 |    24 |       |       |   514 |   681 |       |       ||  1291
       Large shield      |       |    73 |   370 |   792 |   530 |  1006 |  1792 |   719 ||  5282
       Reflection        |       |       |       |       |       |       |   117 |    35 ||   152
